 Dungeon Crawl Stone Soup version 0.30-a0-23-ge60ba3568b (webtiles) character file.

Game seed: 15669628364319715032

220 Setbun the Cudgeller (level 5, 0/67 HPs)
             Began as a Minotaur Fighter on Aug 25, 2022.
             Slain by a quasit (1 damage)
             ... summoned by Eustachio
             ... on level 4 of the Dungeon.
             The game lasted 00:02:40 (2897 turns).

Setbun the Cudgeller (Minotaur Fighter)             Turns: 2897, Time: 00:02:41

Health: 0/67       AC: 22    Str: 23      XL:     5   Next: 64%
Magic:  4/4        EV:  2    Int:  5      God:
Gold:   219        SH:  4    Dex:  7 (9)  Spells: 4/4 levels left

rFire   . . .      SeeInvis .    a - +0 flail
rCold   . . .      Faith    .    c - +0 buckler
rNeg    . . .      Spirit   .    (body armour currently unavailable)
rPois   +          Reflect  .    (helmet currently unavailable)
rElec   .          Harm     .    (cloak currently unavailable)
rCorr   .          Rampage  .    (gloves currently unavailable)
Will    .....      Rage     3%   (boots currently unavailable)
Stlth   +......... NoTele   +    (no amulet)
HPRegen 0.21/turn                (no ring)
MPRegen 0.09/turn                (no ring)

@: tree-form
A: stationary, stasis, torment immunity, boosted hp, (horns 2), (retaliatory
headbutt), (iridescent scales 2), berserk 1
a: no special abilities


You were on level 4 of the Dungeon.
You were a tree.
You visited 1 branch of the dungeon, and saw 4 of its levels.

You collected 219 gold pieces.

Inventory:

Hand Weapons
 a - a +0 flail (weapon)
Armour
 b - a +0 scale mail (melded)
 c - a +0 buckler (worn)
 l - a +0 pair of boots (melded)
 m - a +0 pair of gloves (melded)
Scrolls
 e - 3 scrolls of teleportation
 i - a scroll of identify {unknown}
 k - 2 scrolls of fog {unknown}
 n - a scroll of enchant armour {unknown}
 o - 2 scrolls of blinking {unknown}
Potions
 h - a potion of lignification


   Skills:
 - Level 3.6 Fighting
 * Level 7.2 Maces & Flails
 - Level 3.6 Armour
 - Level 3.6 Shields


You had 4 spell levels left.
You didn't know any spells.
Your spell library was empty.

Dungeon Overview and Level Annotations

Branches:
Dungeon (4/15)
 Temple: D:4-7

Altars:

Annotations:
D:4 Eustachio


Innate Abilities, Weirdness & Mutations

You are a tree.
Your roots penetrate the ground, keeping you stationary.
You cannot be teleported.
You are immune to unholy pain and torment.
Your maximum health is greatly increased.
Your equipment is partially melded.
((You have a pair of horns on your head.))
((You reflexively headbutt those who attack you in melee.))
((You are mostly covered in iridescent scales. (AC +4)))
You sometimes lose your temper in combat.


Message History

The quasit claws you but does no damage.
The quasit closely misses you.
The quasit bites you but does no damage.
You block the quasit's attack.
The quasit claws you but does no damage.
The quasit attacks as you move away! The quasit bites you.
* * * LOW HITPOINT WARNING * * *
You block the quasit's attack.
The quasit claws you but does no damage.
Things that are here:
a ball python corpse; a hobgoblin corpse You thump the rat!
You kill the rat!
The rat's corpse disappears in a puff of smoke!
The bat hits you but does no damage.
It was a potion of magic.
Magic courses through your body. The bat barely misses you.
Eustachio mumbles some strange words.
Eustachio blinks!
It was a potion of lignification.
You turn into a tree.
Your +0 pair of gloves melds into your body.
Your +0 pair of boots melds into your body.
Your +0 scale mail melds into your body.
Your roots penetrate the ground.
The bat hits you but does no damage.
The quasit bites you but does no damage.
The quasit completely misses you.
The quasit claws you but does no damage.
The quasit bites you but does no damage.
The quasit claws you but does no damage.
The quasit claws you.
* * * LOW HITPOINT WARNING * * *
You feel clumsy. The bat hits you but does no damage.
Unknown command.
It was a potion of mutation.
You feel extremely strange.
Iridescent scales grow over part of your body.
You feel a little pissed off.
Iridescent scales spread over more of your body.
You block the bat's attack. The quasit bites you.
You die...

,∩,,~~,,.....#,....#.,,**,,,** *
,,,,~~,,......##....****,,,,** **
,,,,~~,,.#.....#..#,**#*,**,,***,
~,~~**,,......†...###.#.****,,**,
~,~~**,,..........#.....* **,,,,,
,,,~,,,,.....@#.5....#*,***,,,,,,
,,,,,,**.....,##5r####*,,,,,,,*,,
,,,,,,,,....,,,#b5# **,,,**,*,,
,,,,,,**#..,,,,#♣## ***,,***,*,,
,,,,,,*,#........#****,,,***,,,,,
,,,,,,,,....###...,,,,***,,,,,,,,
,****,,,,,****.....,****,,,,*,*,*
,* **,,*****......#* **,,*,,,,,,
,* **,***,.......#***,,**,*,*,*
,* *,,,,......#.#*,,,,**,,,,,,
,** *,,,..........,,,,***,*,*,*
,,* **,**,,,,,,,,,,,,,,**,,,,,,,


You could see an iron imp (summoned), a quasit (summoned), a white imp
(summoned), a quokka (summoned) and a bat (summoned).

Vanquished Creatures
  A hound (D:4)
  A gnoll bouda (D:4)
  An orc priest (D:3)
  3 gnolls (D:4)
  An adder (D:2)
  2 worms
  4 dart slugs
  4 orcs (D:3)
  10 ball pythons
  9 bats
  6 endoplasms
  7 giant cockroaches
  6 goblins
  4 hobgoblins
  4 jackals (D:3)
  2 quokkas (D:2)
  2 frilled lizards
  6 kobolds
  2 rats
75 creatures vanquished.

Vanquished Creatures (others)
  3 plants (D:3)
3 creatures vanquished.

Grand Total: 78 creatures vanquished

Notes
Turn   | Place    | Note
-------+----------+-------------------------------------------
     0 | D:1      | Setbun the Minotaur Fighter began the quest for the Orb.
     0 | D:1      | Reached XP level 1. HP: 19/19 MP: 0/0
    66 | D:1      | Reached skill level 3 in Maces & Flails
   105 | D:1      | Reached XP level 2. HP: 26/26 MP: 1/1
   312 | D:1      | Reached skill level 4 in Maces & Flails
   412 | D:1      | Found a faded altar of an unknown god.
   538 | D:1      | Reached XP level 3. HP: 29/31 MP: 2/2
  1201 | D:2      | Reached skill level 5 in Maces & Flails
  1526 | D:3      | Reached XP level 4. HP: 37/39 MP: 3/3
  2110 | D:3      | Reached skill level 6 in Maces & Flails
  2618 | D:4      | Reached XP level 5. HP: 43/45 MP: 4/4
  2632 | D:4      | Reached skill level 7 in Maces & Flails
  2847 | D:4      | Noticed Eustachio
  2891 | D:4      | HP: 1/45 [quasit[Eustachio] (2)]
  2896 | D:4      | HP: 1/67 [quasit[Eustachio] (2)]
  2897 | D:4      | Gained mutation: You are partially covered in iridescent
                  | scales. (AC +2) [potion of mutation]
  2897 | D:4      | Gained mutation: You sometimes lose your temper in combat.
                  | [potion of mutation]
  2897 | D:4      | Gained mutation: You are mostly covered in iridescent
                  | scales. (AC +4) [potion of mutation]
  2897 | D:4      | Slain by a quasit

Illustrated notes

Levels and vault maps discovered:
D:1:      co_arrival_hexagon_in_a_hexagon, layout_loops_ring,
          dreamdust_ecumenical_altar_angels_and_demons
D:2:      layout_rooms
D:3:      layout_basic, serial_bayou_pond_c
D:4:      layout_layer_cave, grunt_temple_overflow_open, serial_glass,
          glass_columns_c, glass_columns_a, glass_columns_a, glass_columns_c,
          cheibrodos_sewer_entry_sluice, uniq_eustachio

Skill      XL: |  1  2  3  4  5 |
---------------+----------------+-----
Maces & Flails | 3 4 5 6 7 |  7.2
Fighting       | |  3.6
Armour         | |  3.6
Shields        | |  3.6

Action                   |  1- 3 |  4- 6 || total
-------------------------+-------+-------++-------
Melee: Flail             |   118 |    97 ||   215
       Headbutt          |    12 |     7 ||    19
  Use: Potion            |       |     4 ||     4
       Scroll            |       |     2 ||     2
Armor: Scale mail        |    62 |    62 ||   124
       Skin              |       |     6 ||     6
Dodge: Dodged            |    64 |    66 ||   130
Block: Buckler           |    33 |    29 ||    62

Table legend: (Time is in decaauts)
 A = Elapsed time spent in this place.
 B = Non-inter-level travel time spent in this place.
 C = Inter-level travel time spent in this place.
 D = Time resting spent in this place.
 E = Time spent auto-exploring this place.
 F = Levels seen in this place.
 G = Mean time per level.
                   A        B        C        D        E       F      G
               +--------+--------+--------+--------+--------+-----+--------+
         Total |   2946 |   2891 |     55 |    404 |   2005 |   4 |  736.5 |
       Dungeon |   2946 |   2891 |     55 |    404 |   2005 |   4 |  736.5 |
               +--------+--------+--------+--------+--------+-----+--------+

Top non-repeatable levels by time:
     D:3: 1084 daAuts
     D:1: 896 daAuts
     D:2: 651 daAuts
     D:4: 313 daAuts
